 Dungeon Crawl Stone Soup version 0.19.4-9-g45fd643 (webtiles) character file.

195 Rrauwl the Digger (level 5, -3/42 HPs)
             Began as a Gargoyle Earth Elementalist on Feb 17, 2017.
             Killed from afar by nocturnal's ghost (6 damage)
             ... with a spray of energy
             ... on level 4 of the Dungeon.
             The game lasted 00:31:35 (2619 turns).

Rrauwl the Digger (Gargoyle Earth Elementalist)     Turns: 2619, Time: 00:31:36

Health: -3/42      AC: 22    Str: 12    XL:     5   Next: 74%
Magic:  0/9        EV:  2    Int: 16    God:
Gold:   188        SH:  0    Dex: 10    Spells: 3 memorised, 4 levels left

rFire  + . .     SeeInvis .     p - +0 whip
rCold  x . .     Gourm    .     (armour currently unavailable)
rNeg   + + +     Faith    .     (no shield)
rPois  ∞         Spirit   .     (helmet currently unavailable)
rElec  .         Reflect  .     (cloak currently unavailable)
rCorr  .         Harm     .     (gloves currently unavailable)
MR     +....     NoTele   +     (boots currently unavailable)
Stlth  ++........               (no amulet)
                                o - ring of protection from magic
                                n - ring of fire

@: tree-form, very slightly contaminated, invisible
A: negative energy resistance 1, (electricity resistance), (unbreathing),
petrification resistance, rot immunity, AC +4
a: no special abilities


You were on level 4 of the Dungeon.
You were not hungry.
You were a tree.
You visited 1 branch of the dungeon, and saw 4 of its levels.

You collected 188 gold pieces.

Inventory:

Hand Weapons
 p - a +0 whip (weapon)
Missiles
 b - 129 stones (quivered)
Armour
 c - a +1 robe
 k - a +0 ring mail (melded)
 l - a +0 hat (melded)
Jewellery
 n - a ring of fire (left branch)
 o - a ring of protection from magic (right branch)
Wands
 f - a wand of paralysis (15/24)
Scrolls
 g - 3 scrolls of teleportation
 i - a scroll of noise
Potions
 r - a potion of cancellation
Books
 e - a book of Geomancy

   Spells                             Type                      Level
   a - Sandblast                      Earth                        1
   b - Passwall                       Transmutation/Earth          2
   c - Stone Arrow                    Conjuration/Earth            3
   d - Petrify                        Transmutation/Earth          4
   e - Lee's Rapid Deconstruction     Earth                        5
 h - a book of Misfortune

   Spells                             Type                      Level
   a - Confusing Touch                Hexes                        1
   b - Confuse                        Hexes                        3
   c - Gell's Gravitas                Hexes/Translocation          3
   d - Petrify                        Transmutation/Earth          4
   e - Metabolic Englaciation         Hexes/Ice                    5
   f - Yara's Violent Unravelling     Hexes/Transmutation          5
Comestibles
 d - 3 bread rations
 j - a royal jelly
 m - 3 chunks of flesh


   Skills:
 + Level 0.9 Fighting
 + Level 0.8 Maces & Flails
 + Level 1.0 Armour
 + Level 2.0 Dodging
 + Level 2.7 Stealth
 - Level 3.0 Spellcasting
 - Level 0.7 Transmutations
 + Level 5.6 Earth Magic
 + Level 0.5 Evocations


You had 4 spell levels left.
You knew the following spells:

 Your Spells              Type           Power        Failure   Level  Hunger
a - Sandblast             Erth           ###...       1%          1    #......
b - Passwall              Tmut/Erth      ##........   10%         2    ##.....
c - Stone Arrow           Conj/Erth      ##....       17%         3    ###....


Dungeon Overview and Level Annotations

Branches:
Dungeon (4/15)
 Temple: D:4-7

Altars:
Makhleb

Annotations:
D:4 nocturnal's ghost, amateur SpEn


Innate Abilities, Weirdness & Mutations

You are resistant to torment.
((Your stone body is resilient. (AC +4)))
You are immune to poison.
You resist negative energy. (rN+)
((You are resistant to electric shocks. (rElec)))
((You can survive without breathing.))
You are immune to petrification.
You are immune to rotting.


Message History

* * * LOW HITPOINT WARNING * * *
Casting: Sandblast
Confirm with . or Enter, or press ? or * to list all spells.
Aiming: Sandblast
Press: ? - help, Shift-Dir - straight line, f/p - nocturnal's ghost
Aim: nocturnal's ghost, wielding a weapon of venom (severely damaged)
The rocky blast misses nocturnal's ghost.
Nocturnal's ghost says, "You will soon be helpless to avoid my power."
Nocturnal's ghost hits you but does no damage.
You turn into a tree.
Your +0 hat melds into your body.
Your +0 ring mail melds into your body.
Your roots penetrate the ground.
Nocturnal's ghost hits you.
* * * LOW HITPOINT WARNING * * *
Really attack while wielding your 129 stones?
Okay, then.
Wield which item (- for none, * to show all)? (? for menu, Esc to quit)
p - a +0 whip (weapon)
Nocturnal's ghost casts a spell at you. The spray of energy hits you!
You die...

........# ..W.... #.#######
.......
#.####..############....>#
...................#.....#
...................'.....+
...................#...(.#
...................#.....#
................W..#.....#
....##...##...##♣..#....r..
#...#######...##...#.......
##### #...##...#.......
#...##...#.......
....#....# ... #....#
#....# ######


You could see nocturnal's ghost.

Vanquished Creatures
  Terence (D:3)
  A worker ant (D:4)
  6 gnolls
  3 adders
  An ooze (D:1)
  A worm (D:3)
  A dart slug (D:2)
  2 leopard geckos (D:2)
  2 orcs (D:3)
  4 bats
  A giant cockroach (D:2)
  A goblin (D:1)
  5 hobgoblins
  6 quokkas
  4 frilled lizards
  5 kobolds
  10 rats
  2 bushes (D:3)
56 creatures vanquished.

Notes
Turn   | Place    | Note
-------+----------+-------------------------------------------
     0 | D:1      | Rrauwl the Gargoyle Earth Elementalist began the quest for the Orb.
     0 | D:1      | Reached XP level 1. HP: 10/10 MP: 3/3
   135 | D:1      | Reached skill level 4 in Earth Magic
   135 | D:1      | Reached XP level 2. HP: 9/15 MP: 0/5
   768 | D:2      | Reached XP level 3. HP: 17/19 MP: 2/7
   836 | D:2      | Reached XP level 4. HP: 19/24 MP: 2/8
   972 | D:2      | Reached skill level 5 in Earth Magic
  1632 | D:3      | Noticed Terence
  1661 | D:3      | Killed Terence
  1689 | D:3      | Learned a level 1 spell: Sandblast
  1692 | D:3      | Learned a level 2 spell: Passwall
  1696 | D:3      | Learned a level 3 spell: Stone Arrow
  1725 | D:3      | Reached XP level 5. HP: 15/28 MP: 6/9
  2240 | D:3      | Found a faded altar of an unknown god.
  2240 | D:3      | Found a faded altar of an unknown god.
  2245 | D:3      | Found a faded altar of an unknown god.
  2247 | D:3      | Found a burning altar of Makhleb.
  2248 | D:3      | Found a faded altar of an unknown god.
  2525 | D:4      | Reached skill level 1 in Armour
  2585 | D:4      | Noticed nocturnal's ghost (amateur SpEn)
  2619 | D:4      | Killed from afar by nocturnal's ghost

Skill      XL: |  1  2  3  4  5 |
---------------+----------------+-----
Earth Magic    | 4 5 |  5.6
Spellcasting   | 3 |  3.0
Armour         | 1 |  1.0
Dodging        | 2 |  2.0
Fighting       | |  0.9
Maces & Flails | |  0.8
Stealth        | |  2.7
Transmutations | |  0.7
Evocations     | |  0.5

Action                   |  1- 3 |  4- 6 || total
-------------------------+-------+-------++-------
Melee: Club              |    10 |       ||    10
       Whip              |     8 |   335 ||   343
 Cast: Sandblast         |    37 |    53 ||    90
       Stone Arrow       |       |     1 ||     1
Evoke: Wand              |       |     2 ||     2
  Use: Scroll            |     8 |     6 ||    14
       Potion            |     2 |     7 ||     9
 Stab: Sleeping          |       |     1 ||     1
       Paralysed         |       |     7 ||     7
  Eat: Chunk             |       |     7 ||     7
Armor: Robe              |    11 |       ||    11
       Ring mail         |     6 |    49 ||    55
Dodge: Dodged            |    31 |    53 ||    84
